 Dungeon Crawl Stone Soup version 0.23.1 (webtiles) character file.

Game seed: 4646805495244718015

1782 Kairos the Chopper (level 9, -7/47 HPs)
             Began as a Vine Stalker Abyssal Knight on Mar 3, 2019.
             Was a High Priest of Lugonu.
             Mangled by a gnoll
             ... wielding a +1 halberd of chopping
              (11 damage)
             ... on level 6 of the Dungeon.
             The game lasted 00:13:25 (5712 turns).

Kairos the Chopper (Vine Stalker Abyssal Knight)    Turns: 5712, Time: 00:13:25

Health: -7/47      AC:  9    Str: 22    XL:     9   Next: 8%
Magic:  0/11       EV:  9    Int: 12    God:    Lugonu [*****.]
Gold:   256        SH:  0    Dex: 15    Spells: 8/8 levels left

rFire    . . .     SeeInvis +   a - +2 hand axe
rCold    . . .     Gourm    .   (no shield)
rNeg     . . .     Faith    .   r - +0 chain mail
rPois    .         Spirit   +   (no helmet)
rElec    .         Reflect  .   (no cloak)
rCorr    +         Harm     .   (no gloves)
MR       +....                  (no boots)
Stlth    ..........             (no amulet)
HPRegen  0.55/turn              t - ring of see invisible
MPRegen  0.12/turn              z - ring of resist corrosion

@: mighty
A: fangs 3, regeneration 1, magic shield, antimagic bite, no potion heal 3, rot
immunity
a: Depart the Abyss, Bend Space, Banish, Corrupt, Enter the Abyss, Renounce
Religion


You were on level 6 of the Dungeon.
You worshipped Lugonu.
Lugonu was extremely pleased with you.
You were full.

You visited 1 branch of the dungeon, and saw 6 of its levels.
You visited the Abyss 1 time.
You also visited: Sewer and Ossuary.

You collected 256 gold pieces.

Inventory:

Hand Weapons
 a - a +2 hand axe (weapon)
 A - a +2 whip of venom
Missiles
 m - 6 tomahawks (quivered)
Armour
 b - a +0 leather armour
 g - a +1 ring mail
 r - a +0 chain mail (worn)
Jewellery
 t - a ring of see invisible (left hand)
 y - an uncursed ring of flight
 z - a ring of resist corrosion (right hand)
Scrolls
 d - 3 scrolls of remove curse
 e - 7 scrolls of blinking
 p - 3 scrolls of fog
 s - 4 scrolls of teleportation
 v - 3 scrolls of fear
 w - a scroll of magic mapping
 B - a scroll of amnesia {unknown}
Potions
 f - a potion of might
 h - 4 potions of brilliance
 i - a potion of experience {unknown}
 j - a potion of haste {unknown}
 k - a potion of berserk rage
 l - a potion of flight {unknown}
 n - 3 potions of lignification {unknown}
 o - a potion of agility {unknown}
 q - a potion of ambrosia {unknown}
 u - a potion of cancellation {unknown}
 x - a potion of magic
Comestibles
 c - 8 rations


   Skills:
 + Level 5.0 Fighting
 * Level 7.5 Axes
 + Level 1.0 Throwing
 + Level 4.2 Armour
 + Level 2.7 Dodging
 + Level 2.8 Stealth
 + Level 2.1 Invocations


You had 8 spell levels left.
You didn't know any spells.
Your spell library contained the following spells:

 Spells                   Type           Power        Failure   Level  Hunger
 Animate Skeleton         Necr           N/A          95%         1    ##.....
 Apportation              Tloc           #.....       95%         1    ##.....
 Confusing Touch          Hex            #.....       95%         1    ##.....
 Summon Small Mammal      Summ           #...         95%         1    ##.....


Dungeon Overview and Level Annotations

Branches:
Dungeon (6/15)
 Temple: D:4-7

Altars:
Cheibriados
Dithmenos
Wu Jian

Shops:
D:4 (


Innate Abilities, Weirdness & Mutations

You have razor-sharp teeth.
Your natural rate of healing is unusually fast.
When hurt, damage is shared between your health and your magic reserves.
Your bite disrupts and absorbs the magic of your enemies.
Potions cannot restore your health.
You are immune to rotting.


Message History

There is a stone staircase leading up, spattered with blood here.
You slash the river rat!
You kill the river rat!
Lugonu accepts your kill.
Your Fighting skill increases to level 5!
The gnoll barely misses you.
The gnoll hits you from afar with a +1 halberd of chopping.
The gnoll hits you from afar with a +0 spear.
The gnoll hits you with a +1 halberd of chopping!
* * * LOW HITPOINT WARNING * * *
x2 You are too injured to fight recklessly!
You are too injured to fight recklessly!
You are too injured to fight recklessly!
The gnoll barely misses you.
The gnoll hits you with a +1 halberd of chopping!
* * * LOW HITPOINT WARNING * * *
x2 The gnoll hits you but does no damage.
The gnoll hits you but does no damage.
The gnoll hits you with a +1 halberd of chopping!
You die...

#........#.#
#.......##.#
#.......##.#
#.......##.#
#.......##.# #
#.......##.########.#
.#
#.......+.....<.....#
.#
#......†##>.........#
.#
#####......g@....##.#
.# #......g.....# .#
#............#
.##.#####............#
.##..................#
.#######.............#
g..r.g.#.............#
..####.#.............#
.....#.#.........)...#


You could see 2 gnolls.

Vanquished Creatures
  Grinder (D:3)
  Menkaure (D:4)
  An ice beast (D:5)
  An orc warrior (D:5)
  An ogre (D:5)
  An elf zombie (Ossuary)
  2 bullfrogs (Sewer)
  A water moccasin skeleton (D:4)
  A scorpion (D:4)
  A crimson imp (D:5)
  A hound (D:4)
  2 orc wizards (D:4)
  4 orc priests (D:4)
  A centaur skeleton (D:5)
  2 jellies
  2 worker ants
  A big kobold zombie (Ossuary)
  3 mummies (Ossuary)
  19 adders
  8 river rats
  An ufetubus (Abyss:1)
  3 oozes
  3 adder zombies
  6 worms
  4 dart slugs
  7 leopard geckos
  13 orcs
  12 ball pythons
  7 bats
  6 giant cockroaches
  2 gnoll zombies (Ossuary)
  6 goblins
  8 hobgoblins
  10 jackals
  9 kobolds
  4 quokkas
  4 frilled lizards
  A giant cockroach zombie (D:2)
  4 goblin zombies
  A hobgoblin zombie (Ossuary)
  A jackal zombie (D:2)
  4 kobold zombies (Ossuary)
  2 leopard gecko skeletons
  4 quokka zombies
  39 rats
215 creatures vanquished.

Vanquished Creatures (others)
  A quokka zombie (Ossuary)
1 creature vanquished.

Grand Total: 216 creatures vanquished

Notes
Turn   | Place    | Note
-------+----------+-------------------------------------------
     0 | Abyss:1  | Kairos the Vine Stalker Abyssal Knight began the quest for
                  | the Orb.
     0 | Abyss:1  | Reached XP level 1. HP: 11/11 MP: 3/3
    65 | Abyss:1  | Noticed a smoke demon
    85 | D:1      | Escaped the Abyss
   129 | D:1      | Reached skill level 2 in Axes
   129 | D:1      | Reached XP level 2. HP: 15/16 MP: 4/4
   331 | D:1      | Reached XP level 3. HP: 19/20 MP: 3/5
   370 | D:1      | Reached * piety under Lugonu
  1097 | D:2      | Reached skill level 1 in Stealth
  1133 | D:2      | Reached skill level 1 in Dodging
  1133 | D:2      | Gained mutation: Your natural rate of healing is unusually
                  | fast. [Vine Stalker growth]
  1133 | D:2      | Reached XP level 4. HP: 4/24 MP: 4/6
  1218 | D:2      | Reached ** piety under Lugonu
  1283 | D:2      | Found a snail-covered altar of Cheibriados.
  1607 | D:3      | Noticed Grinder
  1612 | D:3      | Paralysed by Grinder for 3 turns
  1626 | D:3      | Killed Grinder
  1626 | D:3      | Reached skill level 3 in Axes
  1626 | D:3      | Reached XP level 5. HP: 10/29 MP: 3/7
  1626 | D:3      | Reached XP level 6. HP: 11/33 MP: 3/8
  1788 | D:3      | Reached skill level 4 in Axes
  2573 | D:4      | Reached *** piety under Lugonu
  2573 | D:4      | Reached XP level 7. HP: 23/37 MP: 5/9
  2758 | D:4      | Found a sand-covered staircase.
  2803 | Ossuary  | Entered an ossuary
  2816 | Ossuary  | HP: 1/37 [mummy (7)]
  3154 | Ossuary  | Reached skill level 5 in Axes
  3463 | D:4      | Noticed Menkaure
  3472 | D:4      | Killed Menkaure
  3585 | D:4      | Gained mutation: You have razor-sharp teeth. [Vine Stalker
                  | growth]
  3585 | D:4      | Reached XP level 8. HP: 38/42 MP: 8/10
  3644 | D:4      | Found Daewufum's Antique Weapon Boutique.
  3840 | D:4      | Reached **** piety under Lugonu
  4068 | D:5      | Entered Level 5 of the Dungeon
  4201 | D:5      | Reached skill level 6 in Axes
  4223 | D:5      | Found a glowing drain.
  4228 | Sewer    | Entered a sewer
  4790 | Sewer    | Reached ***** piety under Lugonu
  5136 | D:5      | Reached skill level 7 in Axes
  5404 | D:5      | Found an ornate altar of the Wu Jian Council.
  5547 | D:6      | Reached XP level 9. HP: 41/46 MP: 11/11
  5594 | D:6      | Reached skill level 1 in Throwing
  5654 | D:6      | Found a shadowy altar of Dithmenos.
  5707 | D:6      | Reached skill level 5 in Fighting
  5712 | D:6      | Mangled by a gnoll

Skill      XL: |  1  2  3  4  5  6  7  8  9 |
---------------+----------------------------+-----
Axes           | 2 3 4 5 7 |  7.5
Fighting       | 3 4 5 |  5.0
Invocations    | 2 |  2.1
Stealth        | 1 2 |  2.8
Armour         | 2 3 4 |  4.2
Dodging        | 1 2 |  2.7
Throwing       | 1 |  1.0

Action                   |  1- 3 |  4- 6 |  7- 9 || total
-------------------------+-------+-------+-------++-------
Melee: Hand axe          |   111 |   142 |   405 ||   658
       Bite              |    17 |    36 |    81 ||   134
Throw: Tomahawk          |       |       |     6 ||     6
Invok: Depart the Abyss  |     1 |       |       ||     1
  Use: Scroll            |     4 |     2 |     6 ||    12
       Potion            |       |     1 |     5 ||     6
 Stab: Sleeping          |     2 |     2 |       ||     4
  Eat: Chunk             |       |     5 |     2 ||     7
       Ration            |       |       |     4 ||     4
Armor: Leather armour    |    30 |     8 |       ||    38
       Ring mail         |       |    35 |   129 ||   164
       Chain mail        |       |       |     2 ||     2
Dodge: Dodged            |    80 |    67 |   205 ||   352
